 Dungeon Crawl Stone Soup version 0.31-a0-848-gaac375c287 (webtiles) character file.

Game seed: 15142804197569329231

21 Klosterheim the Ruffian (level 2, 13/14 HPs)
             Began as a Draconian Shapeshifter on Oct 4, 2023.
             Got out of the dungeon alive.
             The game lasted 00:04:20 (866 turns).

Klosterheim the Ruffian (Draconian Shapeshifter)     Turns: 866, Time: 00:04:21

Health: 13/14      AC:  4    Str: 16    XL:     2   Next: 65%
Magic:  2/2        EV: 12    Int: 10    God:
Gold:   23         SH:  0    Dex: 10    Spells: 1/1 levels left

rFire   . .          .
                       - Unarmed
rCold   . . .        (shield currently unavailable)
rNeg    . . .        (body armour unavailable)
rPois   .            (helmet restricted)
rElec   .            (no cloak)
rCorr   .            (no gloves)
SInv    .            (no boots)
Will    .....        (no amulet)
Stlth   +            (no ring)
HPRegen 0.22/turn    (no ring)
MPRegen 0.08/turn

%: no passive effects
@: flux-form, glowing
A: glow, contaminating, reduced hp, AC +4, unfitting armour, cold-blooded
a: Begin Untransformation


You escaped.
You were something dangerously unstable.
You visited 1 branch of the dungeon, and saw 1 of its levels.

You collected 23 gold pieces.

Inventory:

Talismans
 b - a beast talisman
 c - a flux talisman (active)
Scrolls
 e - a scroll of fog {unknown}
 f - a scroll of vulnerability {unknown}
 g - a scroll of revelation {unknown}
 i - a scroll of silence {unknown}
 k - a scroll of identify {unknown}
 m - a scroll of fear {unknown}
Potions
 a - a potion of lignification
 d - 2 potions of mutation {unknown}
 h - 2 potions of heal wounds {unknown}
 j - 2 potions of curing {unknown}
 l - a potion of haste {unknown}


   Skills:
 + Level 1.7 Fighting
 + Level 2.1 Dodging
 + Level 3.2 Unarmed Combat
 + Level 3.2 Shapeshifting


You had one spell level left.
You didn't know any spells.
Your spell library contained the following spells:

 Spells                   Type           Power      Damage    Failure   Level
 Animate Dead             Necr           0%         N/A       98%         4
 Haunt                    Necr/Summ      0%         N/A       100%        7
 Infestation              Necr           0%         N/A       100%        8


Dungeon Overview and Level Annotations

Branches:
Dungeon (1/15)

Altars:

Shops:
D:1 :![*


Innate Abilities, Weirdness & Mutations

You are something dangerously unstable.
You glow with magical radiation, making you easy to see and hit.
Foes you strike become dangerously contaminated with magical radiation.
Your maximum health is decreased, since you lack skill for your form.
You are incapable of wielding weapons or throwing items.
Your plain brown scales are hard. (AC +4)
You cannot fit into any form of body armour.
You are cold-blooded and may be slowed by cold attacks.


Message History

The rat barely misses you.
Your transformation has ended.
The rat misses you.
A rat is nearby!
The rat bites you but does no damage.
You begin transforming.
You continue transforming.
The rat bites you.
* * * LOW HITPOINT WARNING * * *
You continue transforming.
The rat twitches its whiskers.
The rat misses you.
You continue transforming.
The rat bites you.
* * * LOW HITPOINT WARNING * * *
You turn into something dangerously unstable.
As you open the door, it creaks loudly! The rat bites you but does no damage.
Found 5 stones.
The rat bites you but does no damage.
There is an open door here.
The rat attacks as it pursues you! The rat bites you.
* * * LOW HITPOINT WARNING * * *
You see here 5 stones.
You hit the rat.
The rat begins to glow.
The rat is moderately wounded.
The rat barely misses you.
You hit the rat but do no damage.
The rat glows dangerously bright.
You tail-slap the rat.
You kill the rat!
You see here a rat corpse.
There is an open door here.
You open the door.
There is an open door here.
There is an open door here.
There is an open door here.
There is a staircase leading out of the dungeon here.
There is a staircase leading out of the dungeon here.
Press: ? - help, v - describe, . - travel A staircase leading out of the dungeon.
You have escaped!

#(†'...'.P#
#..#...#..# #
####...#### #
#..#...# #
#..'...+
########..#.#.#
.......####.#.####
########..#...#..#
...# #..'...'.p#
##.# #PP#...#P.#
#.# ####...####
#.# #..#...#.P#
#.# #..'...'..#
#.# #..#...#.~#
#.# ######'#####
##.# #(# #..# ##.#
#.# #.##


There were no monsters in sight!

Vanquished Creatures
  A dart slug (D:1)
  A ball python (D:1)
  2 bats (D:1)
  4 endoplasms (D:1)
  A giant cockroach (D:1)
  A goblin (D:1)
  2 hobgoblins (D:1)
  3 frilled lizards (D:1)
  2 kobolds (D:1)
  A rat (D:1)
18 creatures vanquished.

Notes
Turn   | Place    | Note
-------+----------+-------------------------------------------
     0 | D:1      | Klosterheim the Draconian Shapeshifter began the quest for
                  | the Orb.
     0 | D:1      | Reached XP level 1. HP: 16/16 MP: 1/1
   135 | D:1      | Found Hikacig's General Store.
   168 | D:1      | Found Saitets's Antique Armour Emporium.
   308 | D:1      | Reached XP level 2. HP: 18/23 MP: 2/2
   450 | D:1      | Found Hugom's Book Shop.
   465 | D:1      | Found Sayz Nues's Distillery.
   866 | D:$      | Got out of the dungeon alive.

Illustrated notes

Levels and vault maps discovered:
D:1:      dpeg_arrival_prison, layout_loops_ring, serial_shops, shop, shop,
          shop, shop, nicolae_shop_real_fake_doors, feat_on_display

Skill      XL: |  1 |
---------------+----+-----
Dodging        | 2 |  2.1
Fighting       | |  1.7
Unarmed Combat | |  3.2
Shapeshifting  | |  3.2

Action                     || total
---------------------------++-------
  Melee: Unarmed           ||    40
         Tailslap          ||     6
 Armour: Skin              ||    48
  Dodge: Dodged            ||    59
         Form:             ||    10
         Beast             ||     2
         Flux              ||     8

Table legend: (Time is in decaauts)
 A = Elapsed time spent in this place.
 B = Non-inter-level travel time spent in this place.
 C = Inter-level travel time spent in this place.
 D = Time resting spent in this place.
 E = Time spent auto-exploring this place.
 F = Levels seen in this place.
 G = Mean time per level.
                   A        B        C        D        E       F      G
               +--------+--------+--------+--------+--------+-----+--------+
         Total |    865 |    865 |      0 |      0 |    602 |   1 |  865.0 |
       Dungeon |    865 |    865 |      0 |      0 |    602 |   1 |  865.0 |
               +--------+--------+--------+--------+--------+-----+--------+

Top non-repeatable levels by time:
     D:1: 865 daAuts
